Match 44328189
Unlisted

Match 44328189
End
Construct Barracks
Selects Heavy Weapons
Riflemen Squad
Riflemen Squad
Construct Weapon Support Center
M1919 Machine Gun Team
Grenade Package
Bazooka Squad
Construct Medical Station
Selects M2HB .50cal Heavy Machine Gun
Infantry Support Center
M3 Armored Personnel Carrier
Selects Assault Carriers
Construct Motor Pool
Duffman™
Currahee
Bradders
Stormless
Kampfstärke
Walther
Mutzelmen
plz touch grass
0
0

Comments sign in to comment!

No comments posted yet!